 Dungeon Crawl Stone Soup version 0.30.0-15-g856e2d3f33 (webtiles) character file.

Game seed: 15153598016519804615

65 javelincjr the Conjurer (level 4, -3/28 HPs)
             Began as an Octopode Conjurer on May 18, 2023.
             Killed by nerve-wracking pain
             ... invoked by an orc priest
              (11 damage)
             ... on level 3 of the Dungeon.
             The game lasted 00:05:29 (2137 turns).

javelincjr the Conjurer (Octopode Conjurer)         Turns: 2137, Time: 00:05:30

Health: -3/28      AC:  1    Str:  6    XL:     4   Next: 13%
Magic:  3/7        EV: 13    Int: 22    God:
Gold:   92         SH:  0    Dex: 10    Spells: 5/8 levels left

rFire   + . .        b - +0 spear
rCold   x . .        (no shield)
rNeg    . . .        (helmet restricted)
rPois   .            (no amulet)
rElec   .            j - ring of fire
rCorr   .            (no ring)
SInv    .            (no ring)
Will    .....        (no ring)
Stlth   +++          (no ring)
HPRegen 0.24/turn    (no ring)
MPRegen 0.10/turn    (no ring)
                     (no ring)

%: no passive effects
@: very slightly contaminated
A: almost no armour, amphibious, 8 rings, camouflage 1, gelatinous body 1,
(nimble swimmer 1), tentacles
a: no special abilities


You were on level 3 of the Dungeon.
You visited 1 branch of the dungeon, and saw 3 of its levels.

You collected 92 gold pieces.

Inventory:

Hand Weapons
 b - a +0 spear (weapon)
Jewellery
 j - a ring of fire (left tentacle)
Scrolls
 c - 3 scrolls of amnesia {unknown}
 f - a scroll of teleportation {unknown}
 i - 4 scrolls of identify {unknown}
 m - a scroll of magic mapping {unknown}
Potions
 a - a potion of magic
 d - a potion of heal wounds {unknown}
 e - 2 potions of degeneration {unknown}
 g - 3 potions of curing {unknown}
 h - 2 potions of attraction {unknown}
 k - a potion of cancellation {unknown}
 l - a potion of flight {unknown}
 n - a potion of lignification {unknown}


   Skills:
 * Level 1.2 Fighting
 + Level 2.6 Dodging
 + Level 3.6 Stealth
 + Level 2.5 Spellcasting
 + Level 4.3 Conjurations


You had 5 spell levels left.
You knew the following spells:

 Your Spells              Type           Power      Damage    Failure   Level
a - Magic Dart            Conj           84%        1d7       2%          1
b - Searing Ray           Conj           42%        2d6       3%          2

Your spell library contained the following spells:

 Spells                   Type           Power      Damage    Failure   Level
 Momentum Strike          Conj/Tloc      24%        3d8       9%          2
 Dazzling Flash           Conj/Hex       24%        N/A       16%         3
 Blink                    Tloc           4%         N/A       21%         2
 Lesser Beckoning         Tloc           4%         N/A       21%         2
 Fulminant Prism          Conj/Hex       6%         3d7       47%         4
 Iskenderun's Mystic Bla  Conj/Tloc      12%        2d5       47%         4


Dungeon Overview and Level Annotations

Branches:
Dungeon (3/15)

Altars:
Kikubaaqudgha


Innate Abilities, Weirdness & Mutations

You cannot wear most types of armour.
You are amphibious.
You can wear up to eight rings at the same time.
Your skin changes colour to match your surroundings (Stealth+).
Your rubbery body absorbs attacks. (AC +1, EV +1)
((You are camouflaged when in or above water. (Stealth+)))
You have tentacles for arms and can constrict up to eight enemies at once.


Message History

The magic dart hits the bat.
You kill the bat!
An endoplasm is nearby!
The magic dart hits the endoplasm but does no damage.
The endoplasm quivers.
The magic dart hits the endoplasm.
You kill the endoplasm!
An orc priest comes into view. It is wielding a +0 falchion.
The orc priest shouts!
The magic dart hits the orc priest.
The orc priest is lightly wounded.
An orc comes into view. It is wielding a +0 whip.
You miscast Magic Dart.
You are very lightly contaminated with residual magic.
Nothing appears to happen.
The orc shouts!
The orc priest calls down the wrath of Beogh upon you.
Pain shoots through your body!
Casting: Magic Dart (safe; 2% risk of failure)
Confirm with . or Enter, or press ? or * to list all spells.
Aiming: Magic Dart (safe; 2% risk of failure)
Press: ? - help, Shift-Dir - straight line, f/p - orc priest
Aim: an orc priest, wielding a +0 falchion and wearing a +0 leather armour (lightly wounded, 100% to hit)
The magic dart hits the orc priest.
The orc priest is moderately wounded.
An orc comes into view. It is wielding a +0 flail.
Casting: Magic Dart (safe; 2% risk of failure)
Confirm with . or Enter, or press ? or * to list all spells.
Aiming: Magic Dart (safe; 2% risk of failure)
Press: ? - help, Shift-Dir - straight line, f/p - orc priest
Aim: an orc priest, wielding a +0 falchion and wearing a +0 leather armour (moderately wounded, 100% to hit)
The magic dart hits the orc priest.
The orc priest is heavily wounded.
The orc shouts!
The orc priest mumbles some strange prayers to Beogh against you.
Beogh smites you!
* * * LOW HITPOINT WARNING * * *
The orc priest calls down the wrath of Beogh upon you.
Pain shoots through your body!
You die...

#............ #........o...
#...........#...#####
##.....o.o.......#...#
###.........(......#...#
........................
.........†..............
........#........#......
.......@#...............
........###............#
.....#..................
............).....⌠......
.....#.#......~≈~~~..#....
......#.#......≈≈≈≈..##.+#.
......#.#......~~~~.(##....
#...............~.~...#....
............#.....~...#....


You could see an orc priest and 2 orcs.

Vanquished Creatures
  An adder (D:3)
  2 dart slugs
  4 orcs (D:3)
  5 ball pythons
  2 endoplasms
  5 goblins
  3 hobgoblins (D:1)
  6 jackals (D:1)
  4 kobolds
  3 quokkas
  4 bats
  3 frilled lizards
  4 rats
46 creatures vanquished.

Notes
Turn   | Place    | Note
-------+----------+-------------------------------------------
     0 | D:1      | javelincjr the Octopode Conjurer began the quest for the
                  | Orb.
     0 | D:1      | Reached XP level 1. HP: 11/11 MP: 3/3
   126 | D:1      | Reached XP level 2. HP: 17/17 MP: 0/5
   383 | D:1      | Found a faded altar of an unknown god.
   621 | D:1      | Learned a level 2 spell: Searing Ray
   917 | D:1      | Reached XP level 3. HP: 21/21 MP: 2/6
  1905 | D:3      | Found an ancient bone altar of Kikubaaqudgha.
  1941 | D:3      | Reached skill level 1 in Fighting
  1991 | D:3      | Reached XP level 4. HP: 28/28 MP: 3/7
  2137 | D:3      | Killed from afar by an orc priest

Illustrated notes

Levels and vault maps discovered:
D:1:      lightli_arrival_noodles, layout_rooms, shapermc_ecumenical_altar_venn,
          kennysheep_flooded_box
D:2:      layout_loops_cross
D:3:      layout_basic, kiku_gazebo_pond_becter, mainiacjoe_overflow_24_doors,
          mainiacjoe_overflow_alcove_1, lemuel_round_altar

Skill      XL: |  1  2  3 |
---------------+----------+-----
Stealth        | 3 |  3.6
Fighting       | 1 |  1.2
Dodging        | |  2.6
Spellcasting   | |  2.5
Conjurations   | |  4.3

Action                     |  1- 3 |  4- 6 || total
---------------------------+-------+-------++-------
  Melee: Spear             |     9 |     3 ||    12
         Constrict         |     3 |     1 ||     4
         Tentacles         |     2 |       ||     2
   Cast: Magic Dart        |    69 |     7 ||    76
         Searing Ray       |       |     2 ||     2
 Armour: Skin              |     3 |       ||     3
  Dodge: Dodged            |     7 |     5 ||    12
